 Dungeon Crawl Stone Soup version 0.28-b1-25-g9875b3fc8c (webtiles) character file.

Game seed: 15235463935846571919

406 sanka the Ducker (level 6, -6/39 HPs)
             Began as a Tengu Enchanter on Feb 5, 2022.
             Was an Initiate of Vehumet.
             Asphyxiated
             ... on level 4 of the Dungeon.
             The game lasted 00:05:21 (4587 turns).

sanka the Ducker (Tengu Enchanter)                  Turns: 4587, Time: 00:05:23

Health: -6/39      AC:  4    Str:  9    XL:     6   Next: 87%
Magic:  10/10      EV: 17    Int: 17    God:    Vehumet [......]
Gold:   178        SH:  0    Dex: 14    Spells: 9/9 levels left

rFire   . . .      SeeInvis .   a - +1 dagger (venom)
rCold   . . .      Faith    .   (no shield)
rNeg    . . .      Spirit   .   u - +0 robe
rPois   .          Reflect  .   g - +2 hat
rElec   .          Harm     .   (no cloak)
rCorr   .          Rampage  .   (no gloves)
Will    .....                   (boots unavailable)
Stlth   ++........              (no amulet)
HPRegen 0.13/turn               (no ring)
MPRegen 0.12/turn               (no ring)

@: lethally poisoned (-6 -> -23), flying quickly and evasively, slowed, very
slow
A: beak, talons 3, nimble flight
a: Renounce Religion


You were on level 4 of the Dungeon.
You worshipped Vehumet.
Vehumet was noncommittal.
You visited 2 branches of the dungeon, and saw 5 of its levels.

You collected 178 gold pieces.

Inventory:

Hand Weapons
 a - a +1 dagger of venom (weapon)
 b - a +0 trident
Armour
 g - a +2 hat (worn)
 u - a +0 robe (worn)
Wands
 l - a wand of flame (31)
 p - a wand of paralysis (22)
Scrolls
 d - a scroll of enchant weapon {unknown}
 e - 4 scrolls of identify {unknown}
 h - a scroll of brand weapon {unknown}
 i - a scroll of fear {unknown}
 k - a scroll of fog {unknown}
 m - 2 scrolls of magic mapping {unknown}
 o - 2 scrolls of blinking {unknown}
 q - a scroll of amnesia {unknown}
 r - a scroll of immolation {unknown}
 s - a scroll of torment {unknown}
Potions
 c - a potion of invisibility
 f - a potion of lignification
 j - a potion of curing {unknown}
 n - 3 potions of mutation {unknown}
 t - a potion of brilliance {unknown}


   Skills:
 + Level 4.6 Fighting
 - Level 1.1 Short Blades
 + Level 5.7 Dodging
 - Level 3.0 Stealth
 - Level 2.0 Spellcasting
 - Level 2.1 Hexes


You had 9 spell levels left.
You didn't know any spells.
Your spell library contained the following spells:

 Spells                   Type           Power      Damage    Failure   Level
 Apportation              Tloc           2%         N/A       19%         1
 Ensorcelled Hibernation  Hex/Ice        10%        N/A       19%         2
 Confusing Touch          Hex            9%         N/A       24%         3
 Tukima's Dance           Hex            9%         N/A       24%         3
 Dazzling Flash           Conj/Hex       10%        N/A       36%         3
 Summon Guardian Golem    Hex/Summ       5%         N/A       36%         3
 Alistair's Intoxication  Tmut/Pois      0%         N/A       99%         5
 Orb of Destruction       Conj           0%         9d5       100%        7
 Spellforged Servitor     Conj/Summ      0%         N/A       100%        7


Dungeon Overview and Level Annotations

Branches:
Dungeon (4/15)             Temple (1/1) D:4

Altars:
Ashenzari
Cheibriados
Dithmenos
Elyvilon
Fedhas
Gozag
Hepliaklqana
Kikubaaqudgha
Makhleb
Nemelex Xobeh
Okawaru
Qazlal
Ru
Sif Muna
Trog
Uskayaw
Vehumet
Wu Jian
Xom
The Shining One

Annotations:
D:3 exclusion: ice beast


Innate Abilities, Weirdness & Mutations

You have a beak for a mouth.
You have claws for feet.
Your magical nature lets you fly swiftly and evasively.


Message History

The kobold brigand closely misses you.
A kobold brigand comes into view.
It is wielding a +0 whip of holy wrath and quivering poisoned darts.
You miss the kobold brigand.
The kobold brigand shouts!
Your kick misses the kobold brigand.
You peck the kobold brigand, but do no damage.
The kobold brigand is moderately wounded.
The kobold brigand closely misses you.
You hit the kobold brigand but do no damage.
The kobold brigand looks as sick as possible!
You claw the kobold brigand, but do no damage.
Your peck misses the kobold brigand.
The kobold brigand is moderately wounded.
The kobold brigand hits you with a +0 club.
Things that are here:
a +0 dagger; a kobold corpse The kobold brigand throws a curare-tipped dart.
The curare-tipped dart hits you.
You are poisoned.
You have difficulty breathing.
You feel yourself slow down.
You feel very sick.
The kobold brigand throws a curare-tipped dart.
The curare-tipped dart misses you.
You feel sick.
The kobold brigand throws a curare-tipped dart.
The curare-tipped dart hits you.
You are more poisoned.
You have difficulty breathing.
You feel as though you will be slow longer.
Things that are here:
a +0 club; a kobold corpse
* * * LOW HITPOINT WARNING * * *
You feel very sick.
* * * LOW HITPOINT WARNING * * *
You feel very sick.
The kobold brigand throws a curare-tipped dart.
The curare-tipped dart hits you.
You are more poisoned.
You have difficulty breathing.
You die...

########## #........#
#........# ##........#
#.........# #######)..##
###...).###..#
######.)K..).@....#
#......K#####.....#
.......)###≈≈≈####..#
#...######≈≈≈≈≈≈≈≈##.#
#####.##≈≈≈≈≈≈≈≈≈###.##
...<÷.......≈≈≈...##..##
###...#####............#
###...# #.########...#
......# #.# #....#


You could see 2 kobold brigands.

Vanquished Creatures
  A black bear (D:3)
  A hound (D:4)
  An iguana (D:4)
  Ijyb (D:3)
  3 orc wizards (D:3)
  Natasha (thrice) (D:2)
  3 adders
  6 orcs
  4 endoplasms
  A giant cockroach (D:1)
  5 goblins
  4 hobgoblins
  9 kobolds
  5 quokkas
  7 ball pythons
  A bat (D:2)
  2 frilled lizards
  A quokka skeleton (D:2)
  A rat (D:3)
59 creatures vanquished.

Notes
Turn   | Place    | Note
-------+----------+-------------------------------------------
     0 | D:1      | sanka the Tengu Enchanter began the quest for the Orb.
     0 | D:1      | Reached XP level 1. HP: 10/10 MP: 4/4
   351 | D:1      | Reached skill level 1 in Fighting
   351 | D:1      | Reached XP level 2. HP: 13/16 MP: 6/6
   885 | D:2      | Noticed Natasha
   895 | D:2      | Killed Natasha
   896 | D:2      | Reached skill level 3 in Dodging
   896 | D:2      | Reached XP level 3. HP: 8/21 MP: 7/7
  1067 | D:2      | Noticed Natasha
  1433 | D:2      | Killed Natasha
  1434 | D:2      | Reached XP level 4. HP: 27/27 MP: 8/8
  1464 | D:2      | Noticed Natasha
  1485 | D:2      | Killed Natasha
  1857 | D:2      | Reached skill level 4 in Dodging
  2262 | D:2      | Gained mutation: Your magical nature lets you fly swiftly
                  | and evasively. [Tengu growth]
  2262 | D:2      | Reached XP level 5. HP: 30/32 MP: 9/9
  2517 | D:3      | Noticed an ice beast
  2927 | D:3      | Found a burning altar of Makhleb.
  3052 | D:3      | Noticed Ijyb
  3067 | D:3      | Killed Ijyb
  3068 | D:3      | Reached XP level 6. HP: 10/38 MP: 10/10
  3343 | D:3      | Noticed a black bear
  3353 | D:3      | Killed a black bear
  3354 | D:3      | Reached skill level 5 in Dodging
  4104 | D:4      | Found a staircase to the Ecumenical Temple.
  4168 | Temple   | Entered the Ecumenical Temple
  4388 | Temple   | Became a worshipper of Vehumet
  4437 | D:4      | Noticed a necrophage
  4587 | D:4      | Asphyxiated

Illustrated notes

Levels and vault maps discovered:
D:1:      kennysheep_arrival_seaside, layout_basic, minmay_fountain_box
D:2:      layout_rooms, uniq_natasha
D:3:      layout_loops_ring, lemuel_coloured_pillars_altar, uniq_ijyb
D:4:      cheibrodos_thug_alley, layout_rooms, minmay_temple_entry_statues,
          serial_rivers, chequers_serial_rivers_small_b,
          chequers_serial_rivers_marsh, chequers_serial_rivers_small_a,
          chequers_serial_rivers_small_a, chequers_serial_rivers_micro_c,
          chequers_serial_rivers_room_a
Temple:   mainiacjoe_temple_bowtie_tessellation

Skill      XL: |  1  2  3  4  5  6 |
---------------+-------------------+-----
Fighting       | 1 2 3 4 |  4.6
Dodging        | 3 4 5 |  5.7
Short Blades   | |  1.1
Stealth        | |  3.0
Spellcasting   | |  2.0
Hexes          | |  2.1

Action                   |  1- 3 |  4- 6 || total
-------------------------+-------+-------++-------
Melee: Dagger            |    39 |   143 ||   182
       Kick              |     9 |    33 ||    42
       Peck              |     6 |    29 ||    35
       Punch             |       |     1 ||     1
       Unarmed           |       |     4 ||     4
  Use: Potion            |       |     1 ||     1
 Stab: Sleeping          |     4 |     4 ||     8
Armor: Robe              |     6 |    25 ||    31
       Skin              |       |     3 ||     3
Dodge: Dodged            |    21 |    79 ||   100
